AoeStats
← Oldspice

Black Forest

503065048Analyzed
4v4 RM · 1mo ago on Aug 30, 2026· 19m 33s· 8 players
Game mode
Random Map
Map size
Large (8 player)
Population
200
Speed
Normal
Resources
Standard
Victory
Conquest
Starting age
Dark Age
Ending age
Imperial Age
RankedLock teamsTeams togetherTeam positionsShared explorationLock speedFull tech treeHidden civsTurbo modeCheats
Victory
Defeat
🇲🇽 Britons · Mexico
1610
+7
🇺🇸 Celts · United States
1527
+10
🇲🇽 Gurjaras · Mexico
1136
+26
🇲🇽 Magyars · Mexico
1090
+27
🇦🇺 Mongols · Australia
1482
-22
🇹🇼 Britons · Taiwan
1417
-19
🇹🇼 Hindustanis · Taiwan
1407
-19
🇭🇰 Huns · Hong Kong SAR China
1294
-14
馬上贏
11:07 Feudal Age
14:55 Castle Age
13:08 Double-Bit Axe
13:04 Horse Collar
15:06 Wheelbarrow
16:02 Bow Saw
15:52 Heavy Plow
15:50 Town Watch
17:43 Loom
NØRTHLANE
10:29 Feudal Age
14:34 Castle Age
12:48 Double-Bit Axe
12:43 Horse Collar
15:36 Bow Saw
16:03 Heavy Plow
16:54 Loom
louis876
0:27 Loom
12:03 Feudal Age
17:35 Castle Age
16:33 Double-Bit Axe
17:09 Horse Collar
alumin
0:47 Loom
11:23 Feudal Age
11:54 Man-at-Arms
III HAKU II
0:43 Loom
11:37 Feudal Age
12:58 Double-Bit Axe
16:37 Castle Age
16:13 Horse Collar
18:20 Wheelbarrow
ElMelvin49
0:38 Loom
13:07 Feudal Age
13:38 Double-Bit Axe
13:37 Horse Collar
21:10 Castle Age
Rv
1:22 Loom
11:22 Feudal Age
12:39 Double-Bit Axe
15:10 Castle Age
13:06 Horse Collar
16:05 Heavy Plow
16:15 Bow Saw
Oldspice
0:57 Loom
13:06 Feudal Age
13:31 Man-at-Arms
14:11 Horse Collar
16:42 Arson
17:11 Scale Mail Armor
Connection lost

Rejoining the realm…

Still unreachable

The connection could not be restored.

Session expired

The server has moved on; the page needs a fresh start.